 Dungeon Crawl Stone Soup version 0.23.2-33-g5129a83184 (webtiles) character file.

Game seed: 558596617607375091

27 Brecoman the Sneak (level 3, -3/16 HPs)
             Began as a Vine Stalker Enchanter on July 30, 2019.
             Slain by a hobgoblin
             ... wielding a +0 club
              (6 damage)
             ... on level 2 of the Dungeon.
             The game lasted 00:04:49 (1420 turns).

Brecoman the Sneak (Vine Stalker Enchanter)         Turns: 1420, Time: 00:04:50

Health: -3/16      AC:  2    Str: 10    XL:     3   Next: 10%
Magic:  0/7        EV: 12    Int: 15    God:
Gold:   84         SH:  0    Dex: 15    Spells: 4/7 levels left

rFire    . . .     SeeInvis +   a - +1 dagger
rCold    . . .     Gourm    .   (no shield)
rNeg     . . .     Faith    .   b - +0 robe
rPois    .         Spirit   +   (no helmet)
rElec    .         Reflect  .   (no cloak)
rCorr    .         Harm     .   (no gloves)
MR       .....                  (no boots)
Stlth    +++.......             (no amulet)
HPRegen  0.05/turn              i - ring of see invisible
MPRegen  0.10/turn              (no ring)

@: no status effects
A: fangs 2, magic shield, antimagic bite, no potion heal 3, rot immunity
a: no special abilities


You were on level 2 of the Dungeon.
You were not hungry.

You visited 1 branch of the dungeon, and saw 2 of its levels.

You collected 84 gold pieces.

Inventory:

Hand Weapons
 a - a +1 dagger (weapon)
Missiles
 e - 50 stones (quivered)
Armour
 b - a +0 robe (worn)
Jewellery
 i - a ring of see invisible (left hand)
 j - an uncursed amulet of the acrobat {unknown}
Scrolls
 c - 3 scrolls of blinking {unknown}
 g - 4 scrolls of identify {unknown}
 h - 2 scrolls of teleportation {unknown}
 l - a scroll of enchant weapon {unknown}
Potions
 f - 2 potions of agility {unknown}
 m - a potion of cancellation {unknown}
Comestibles
 d - 3 rations
 k - 4 chunks of flesh


   Skills:
 + Level 1.4 Short Blades
 - Level 1.5 Dodging
 + Level 4.0 Stealth
 + Level 2.5 Spellcasting
 + Level 3.2 Hexes
 + Level 0.5 Ice Magic


You had 4 spell levels left.
You knew the following spells:

 Your Spells              Type           Power        Failure   Level  Hunger
a - Corona                Hex            ##.....      5%          1    #......
b - Ensorcelled Hibernat  Hex/Ice        #.....       14%         2    ###....

Your spell library contained the following spells:

 Spells                   Type           Power        Failure   Level  Hunger
 Confuse                  Hex            ##......     17%         3    ###....
 Tukima's Dance           Hex            ##......     17%         3    ###....
 Dazzling Spray           Conj/Hex       #.....       32%         3    ###....


Dungeon Overview and Level Annotations

Branches:
Dungeon (2/15)

Altars:


Innate Abilities, Weirdness & Mutations

You have extremely sharp teeth.
When hurt, damage is shared between your health and your magic reserves.
Your bite disrupts and absorbs the magic of your enemies.
Potions cannot restore your health.
You are immune to rotting.


Message History

You hit the hobgoblin.
The hobgoblin is heavily wounded.
The hobgoblin hits you.
You hit the hobgoblin but do no damage. Your bite misses the hobgoblin.
The hobgoblin is heavily wounded.
The hobgoblin hits you.
You hit the hobgoblin. You bite the hobgoblin.
You kill the hobgoblin!
You hit the hobgoblin but do no damage.
You bite the hobgoblin, but do no damage.
The hobgoblin barely misses you.
You barely miss the hobgoblin. The hobgoblin hits you with a +0 club.
* * * LOW HITPOINT WARNING * * *
You closely miss the hobgoblin. The hobgoblin barely misses you.
You hit the hobgoblin. Your bite misses the hobgoblin.
The hobgoblin is heavily wounded.
You hit the hobgoblin.
The hobgoblin is almost dead.
The hobgoblin hits you with a +0 club.
You die...

#..)# #........# ## #...#
####.##..##.#.# .# #...#
#.............#
.######...####.##.#..###.#...
............÷...).#..# # ..
..................#..### .
........÷..............#
.######...####.##.#..#.# .#
#...# #wg@...)#.# ## #...#
####)#.## # #...# #.#.# #..w#
.. . ##...##### ##...
#........# ...# ##
#.......##..# #.
.###.........# .#
...##.......##


You could see a dart slug and a hobgoblin.

Vanquished Creatures
  2 dart slugs
  5 bats
  A goblin (D:1)
  4 hobgoblins
  3 jackals (D:1)
  2 frilled lizards (D:2)
  5 kobolds
  A rat (D:1)
23 creatures vanquished.

Notes
Turn   | Place    | Note
-------+----------+-------------------------------------------
     0 | D:1      | Brecoman the Vine Stalker Enchanter began the quest for the
                  | Orb.
     0 | D:1      | Reached XP level 1. HP: 9/9 MP: 4/4
   180 | D:1      | Reached skill level 1 in Short Blades
   467 | D:1      | Reached XP level 2. HP: 13/13 MP: 6/6
   473 | D:1      | Learned a level 2 spell: Ensorcelled Hibernation
  1146 | D:2      | Reached skill level 4 in Stealth
  1238 | D:2      | Reached XP level 3. HP: 16/16 MP: 2/7
  1420 | D:2      | Slain by a hobgoblin

Skill      XL: |  1  2 |
---------------+-------+-----
Short Blades   | 1 |  1.4
Stealth        | 4 |  4.0
Dodging        | |  1.5
Spellcasting   | |  2.5
Hexes          | |  3.2
Ice Magic      | |  0.5

Action                   || total
-------------------------++-------
Melee: Dagger            ||    59
       Bite              ||     9
 Cast: Corona            ||     9
       Ensorcelled Hiber ||    11
 Stab: Sleeping          ||    11
  Eat: Chunk             ||     2
Armor: Robe              ||     6
Dodge: Dodged            ||    36
